 Dungeon Crawl Stone Soup version 0.24.0-123-gd5b16e6ec5 (webtiles) character file.

Game seed: 6345949951209441478, levelgen mode: deterministic

44 Briareos the Firebug (level 3, -5/26 HPs)
             Began as a Draconian Fire Elementalist on Dec 19, 2019.
             Slain by a gnoll
             ... wielding a +0 spear
              (6 damage)
             ... on level 2 of the Dungeon.
             The game lasted 00:08:48 (1594 turns).

Briareos the Firebug (Draconian Fire Elementalist)  Turns: 1594, Time: 00:08:49

Health: -5/26      AC:  5    Str: 10    XL:     3   Next: 39%
Magic:  2/6        EV: 12    Int: 16    God:
Gold:   95         SH:  0    Dex: 11    Spells: 1/7 levels left

rFire    + . .     SeeInvis .   c - +0 short sword
rCold    . . .     Gourm    .   (no shield)
rNeg     . . .     Faith    .   (armour unavailable)
rPois    .         Spirit   .   (helmet restricted)
rElec    .         Reflect  .   (no cloak)
rCorr    .         Harm     .   (no gloves)
MR       .....                  (no boots)
Stlth    ++........             (no amulet)
HPRegen  0.08/turn              e - ring of protection from fire
MPRegen  0.10/turn              (no ring)

@: no status effects
A: unfitting armour, cold-blooded, AC +5
a: no special abilities


You were on level 2 of the Dungeon.
You were hungry.

You visited 1 branch of the dungeon, and saw 2 of its levels.

You collected 95 gold pieces.

Inventory:

Hand Weapons
 a - a +0 spear
 c - a +0 short sword (weapon)
 g - a +0 dagger
 h - a +0 hunting sling
 k - a +0 short sword
Jewellery
 e - a ring of protection from fire (left hand)
Scrolls
 f - 2 scrolls of teleportation {unknown}
Potions
 i - a potion of lignification {unknown}
 j - a potion of brilliance {unknown}
Comestibles
 b - 2 rations


   Skills:
 + Level 0.1 Short Blades
 + Level 1.9 Dodging
 + Level 1.9 Stealth
 + Level 2.6 Spellcasting
 + Level 1.3 Conjurations
 + Level 3.6 Fire Magic


You had one spell level left.
You knew the following spells:

 Your Spells              Type           Power        Failure   Level  Hunger
a - Flame Tongue          Conj/Fire      ##...        7%          1    #......
b - Throw Flame           Conj/Fire      ##....       11%         2    ##.....
c - Conjure Flame         Conj/Fire      ##......     21%         3    ###....

Your spell library contained the following spells:

 Spells                   Type           Power        Failure   Level  Hunger
 Inner Flame              Hex/Fire       #.......     28%         3    ###....
 Sticky Flame             Conj/Fire      ##......     56%         4    #####..
 Fireball                 Conj/Fire      ##........   88%         5    ######.


Dungeon Overview and Level Annotations

Branches:
Dungeon (2/15)

Altars:


Innate Abilities, Weirdness & Mutations

Your plain brown scales are hard. (AC +5)
You cannot fit into any form of body armour.
You are cold-blooded and may be slowed by cold attacks.


Message History

The gnoll is moderately wounded.
The gnoll hits you!
You hit the gnoll.
The gnoll is heavily wounded.
The gnoll hits you from afar with a +0 spear.
The gnoll barely misses you.
You closely miss the gnoll.
The gnoll is heavily wounded.
The gnoll hits you from afar with a +0 spear.
* * * LOW HITPOINT WARNING * * *
The gnoll closely misses you.
You hit the gnoll.
The gnoll is almost dead.
The gnoll hits you from afar with a +0 spear.
* * * LOW HITPOINT WARNING * * *
The gnoll barely misses you. The gnoll closely misses you.
You hit the gnoll.
You kill the gnoll!
The gnoll hits you from afar with a +0 spear.
You die...

############.#
#.†..gg†@....#
#.##########.#
#.# #.# ##g##
##.#.#
#######.###(#
.......##


#gg #######.# ### You could see 2 gnolls.

Vanquished Creatures
  A gnoll (D:2)
  An ooze (D:1)
  A giant cockroach (D:1)
  4 goblins
  5 hobgoblins (D:1)
  4 jackals (D:1)
  A ball python (D:1)
  2 bats (D:1)
  A frilled lizard (D:1)
  7 kobolds (D:1)
  2 rats (D:1)
29 creatures vanquished.

Notes
Turn   | Place    | Note
-------+----------+-------------------------------------------
     0 | D:1      | Briareos the Draconian Fire Elementalist began the quest
                  | for the Orb.
     0 | D:1      | Reached XP level 1. HP: 14/14 MP: 3/3
   274 | D:1      | Reached XP level 2. HP: 10/20 MP: 1/5
   278 | D:1      | Learned a level 2 spell: Throw Flame
  1044 | D:1      | Reached XP level 3. HP: 26/26 MP: 2/6
  1049 | D:1      | Learned a level 3 spell: Conjure Flame
  1593 | D:2      | HP: 1/26 [gnoll/+0 spear (4)]
  1594 | D:2      | Slain by a gnoll

Levels and vault maps discovered:
D:1:      shiori_arrival_oz, layout_basic
D:2:      layout_loops_ring, tgw_trog, first_ration, nicolae_underground_beach

Action                   || total
-------------------------++-------
Melee: Short sword       ||    39
       Tailslap          ||     4
       Unarmed           ||     1
Throw: Boomerang         ||     3
       Stone             ||     9
 Cast: Flame Tongue      ||    44
       Conjure Flame     ||     1
  Use: Scroll            ||     5
       Potion            ||     1
 Stab: Sleeping          ||     1
  Eat: Chunk             ||     2
Armor: Skin              ||    12
Dodge: Dodged            ||    39
